 Dungeon Crawl Stone Soup version 0.29.1-15-g9cfb28693d (webtiles) character file.

Game seed: 3162170862978384686

2534554 Chudface the Eviscerator (level 26, 133/133 HPs)
             Began as a Felid Summoner on Apr 27, 2023.
             Was the Champion of Jiyva.
             Escaped with the Orb
             ... and 4 runes on May 1, 2023!
             The game lasted 09:07:12 (60368 turns).

Chudface the Eviscerator (Felid Summoner)          Turns: 60368, Time: 09:07:13

Health: 133/133    AC:  9    Str: 14    XL:     26   Next: 38%
Magic:  62/62      EV: 28    Int: 37    God:    Jiyva [******]
Gold:   71         SH:  0    Dex: 12    Spells: 1/58 levels left
                                        Lives:  2   Deaths: 3

rFire   + + .      SeeInvis +     - Unarmed
rCold   + + .      Faith    .   (shield unavailable)
rNeg    . . .      Spirit   .   (body armour unavailable)
rPois   .          Reflect  .   (helmet unavailable)
rElec   +          Harm     .   (cloak unavailable)
rCorr   +          Rampage  .   (gloves unavailable)
Will    +++++                   (boots unavailable)
Stlth   ++........              Q - amulet "Iviekuta" {RegenMP rElec rF+ MP+9}
HPRegen 1.92/turn               j - ring of Xom's Fair Game {Fire Str+2 Int+8 Dex-2 Slay+4}
MPRegen 1.28/turn               L - ring of Ziapsoca {rC++ Will+ MP+9 Int+4}

@: quick
A: very small, claws 1, fangs 3, see invisible, speed 1, shaggy fur 3, stealthy
paws, no weapons or thrown items, no armour, multi-lived, iridescent scales 3,
clumsy 1, strong-willed 1, strong 2, wild magic 1, acidic bite, pseudopods 2,
tendrils, jelly sensing items, MP-powered wands
0: Orb of Zot
}: 4/15 runes: decaying, slimy, silver, gossamer
a: Renounce Religion, Oozemancy, Slimify


You escaped.
You worshipped Jiyva.
Jiyva was exalted by your worship.
You visited 14 branches of the dungeon, and saw 58 of its levels.
You also visited: Trove, Gauntlet, Volcano and Wizlab.

You collected 21414 gold pieces.
You spent 8889 gold pieces at shops.
You paid 12454 gold pieces to Gozag.

Inventory:

Jewellery
 j - the ring of Xom's Fair Game (left paw) {Fire Str+2 Int+8 Dex-2 Slay+4}
   (You bought it in a shop on level 3 of the Depths)

   [ring of fire]

   It enhances your fire magic.
   Str:       It affects your strength (+2).
   Int:       It affects your intelligence (+8).
   Dex:       It affects your dexterity (-2).
   Slay:      It affects your accuracy & damage with ranged weapons and melee
   (+4).
   rF:        It protects you from fire.
   rC:        It makes you vulnerable to cold.
 o - a ring of protection from fire
 v - the ring of Kicapt {rC+ Str+3}
   (You found it in a treasure trove)

   [ring of protection from cold]

   Str:       It affects your strength (+3).
   rC:        It protects you from cold.
 w - a ring of flight
 B - a ring of protection from cold
 F - a ring of wizardry
 H - the ring "Petocw" {rElec rF+ rC++ EV+4 SInv}
   (You found it on level 5 of the Realm of Zot)

   [ring of evasion]

   EV:        It affects your evasion (+4).
   rF:        It protects you from fire.
   rC:        It greatly protects you from cold.
   rElec:     It insulates you from electricity.
   SInv:      It lets you see invisible.
 L - the ring of Ziapsoca (right paw) {rC++ Will+ MP+9 Int+4}
   (You found it in a treasure trove)

   [ring of magical power]

   Int:       It affects your intelligence (+4).
   rC:        It greatly protects you from cold.
   MP:        It affects your magic capacity (+9).
   Will:      It increases your willpower.
 Q - the amulet "Iviekuta" (around neck) {RegenMP rElec rF+ MP+9}
   (You bought it in a shop on level 2 of the Orcish Mines)

   [amulet of magic regeneration]

   It increases your rate of magic regeneration.
   rF:        It protects you from fire.
   rElec:     It insulates you from electricity.
   MP:        It affects your magic capacity (+9).
 X - the ring of Cica {rElec rN+ Str+3 Dex+3 Stlth+}
   (You found it on level 3 of the Crypt)

   [ring of positive energy]

   Str:       It affects your strength (+3).
   Dex:       It affects your dexterity (+3).
   rElec:     It insulates you from electricity.
   rN:        It protects you from negative energy.
   Stlth:     It makes you more stealthy.
 Y - the ring of Onyeropt {Str+4 Int+4 SInv}
   (You took it off a deep elf zephyrmancer on level 3 of the Elven Halls)

   [ring of see invisible]

   Str:       It affects your strength (+4).
   Int:       It affects your intelligence (+4).
   SInv:      It lets you see invisible.
Wands
 s - a wand of acid (14)
 u - a wand of iceblast (33)
 A - a wand of paralysis (55)
 J - a wand of digging (7)
Scrolls
 b - 5 scrolls of fog
 e - 22 scrolls of teleportation
 f - 7 scrolls of immolation
 h - 3 scrolls of amnesia
 k - 4 scrolls of silence
 m - 6 scrolls of fear
 p - 19 scrolls of identify
 q - 10 scrolls of vulnerability
 z - 2 scrolls of magic mapping
 E - a scroll of blinking
 G - 3 scrolls of poison
 N - 5 scrolls of summoning
Potions
 a - 14 potions of magic
 c - 4 potions of haste
 d - 31 potions of curing
 g - 9 potions of heal wounds
 i - 13 potions of mutation
 l - 4 potions of cancellation
 n - 10 potions of might
 r - 4 potions of berserk rage
 t - 7 potions of lignification
 x - 8 potions of attraction
 C - a potion of resistance
 D - 8 potions of ambrosia
 I - 12 potions of brilliance
 K - 7 potions of flight
 S - 4 potions of invisibility
Miscellaneous
 y - a piece from Xom's chessboard (15/15)
 M - a phial of floods
 T - a box of beasts
 U - a tin of tremorstones (2/2)
 V - a condenser vane
 W - a lightning rod (4/4)
 Z - a phantom mirror


   Skills:
 + Level 21.5 Fighting
 - Level 22.0 Dodging
 - Level 10.0 Stealth
 - Level 22.0 Unarmed Combat
 - Level 16.5 Spellcasting
 - Level 8.0 Hexes
 - Level 21.0 Summonings
 - Level 18.0 Translocations
 - Level 16.0 Transmutations
 - Level 12.0 Air Magic
 - Level 10.0 Earth Magic
 - Level 10.0 Evocations


You had one spell level left.
You knew the following spells:

 Your Spells              Type           Power      Damage    Failure   Level
a - Summon Horrible Thin  Summ           63%        N/A       2%          8
b - Malign Gateway        Summ/Tloc      61%        N/A       1%          7
c - Manifold Assault      Tloc           100%       N/A       1%          5
d - Wereblood             Tmut           100%       N/A       1%          2
e - Yara's Violent Unrav  Hex/Tmut       50%        3d19      1%          5
f - Blink                 Tloc           100%       N/A       1%          2
g - Summon Forest         Summ/Tloc      61%        N/A       1%          5
h - Summon Cactus Giant   Summ           63%        N/A       1%          6
i - Passage of Golubria   Tloc           100%       N/A       1%          4
j - Statue Form           Tmut/Erth      70%        N/A       1%          6
m - Storm Form            Tmut/Air       54%        N/A       5%          7

Your spell library contained the following spells:

 Spells                   Type           Power      Damage    Failure   Level
 Beastly Appendage        Tmut           100%       N/A       1%          1
 Sandblast                Erth           100%       2d20      1%          1
 Shock                    Conj/Air       100%       1d9       1%          1
 Sting                    Tmut/Pois      100%       1d8       1%          1
 Summon Small Mammal      Summ           100%       N/A       1%          1
 Foxfire                  Conj/Fire      100%       2x1d9     2%          1
 Magic Dart               Conj           100%       1d8       2%          1
 Call Imp                 Summ           100%       N/A       1%          2
 Passwall                 Tmut/Erth      87%        N/A       1%          2
 Poisonous Vapours        Pois/Air       100%       N/A       1%          2
 Static Discharge         Conj/Air       77%        3-13/arc  1%          2
 Call Canine Familiar     Summ           100%       N/A       1%          3
 Ignite Poison            Fire/Tmut/Pois 94%        N/A       1%          3
 Inner Flame              Hex/Fire       87%        N/A       1%          3
 Lesser Beckoning         Tloc           100%       N/A       1%          3
 Mephitic Cloud           Conj/Pois/Air  67%        N/A       1%          3
 Spider Form              Tmut/Pois      86%        N/A       1%          3
 Stone Arrow              Conj/Erth      100%       3d13      1%          3
 Summon Guardian Golem    Hex/Summ       100%       N/A       1%          3
 Swiftness                Air            100%       N/A       1%          3
 Tukima's Dance           Hex            86%        N/A       1%          3
 Airstrike                Air            50%        2d(8-24)  1%          4
 Cause Fear               Hex            43%        N/A       1%          4
 Leda's Liquefaction      Hex/Erth       45%        N/A       1%          4
 Summon Lightning Spire   Summ/Air       100%       N/A       1%          4
 Blade Hands              Tmut           57%        N/A       1%          5
 Lee's Rapid Deconstruct  Erth           47%        3d23*     1%          5
 Silence                  Hex/Air        47%        N/A       1%          5
 Summon Hydra             Summ           63%        N/A       1%          7
 Alistair's Intoxication  Tmut/Pois      57%        N/A       2%          5
 Irradiate                Conj/Tmut      43%        3d26      2%          5
 Dragon Form              Tmut           57%        N/A       2%          7
 Scorch                   Fire           100%       2d10      3%          2
 Anguish                  Hex/Necr       33%        N/A       4%          4
 Corpse Rot               Necr/Pois/Air  67%        N/A       4%          4
 Fulminant Prism          Conj/Hex       33%        3d16      4%          4
 Lightning Bolt           Conj/Air       38%        1d57      4%          5
 Conjure Flame            Conj/Fire      56%        6-21      5%          3
 Borgnjor's Vile Clutch   Necr/Erth      36%        N/A       7%          5
 Disjunction              Tloc           59%        N/A       8%          8
 Freezing Cloud           Conj/Ice/Air   33%        6-21      10%         5
 Metabolic Englaciation   Hex/Ice        33%        N/A       10%         5
 Eringya's Noxious Bog    Tmut/Pois      43%        N/A       10%         6
 Dispel Undead            Necr           39%        3d16      16%         4
 Flame Wave               Conj/Fire      56%        2d13      16%         4
 Olgreb's Toxic Radiance  Pois           39%        N/A       16%         4
 Sticky Flame             Conj/Fire      56%        2d7       16%         4
 Spellforged Servitor     Conj/Summ      48%        N/A       19%         7
 Fireball                 Conj/Fire      28%        3d12      38%         5
 Enfeeble                 Hex            43%        N/A       43%         7
 Maxwell's Capacitive Co  Air            50%        ∞         56%         8
 Discord                  Hex            43%        N/A       97%         8
 Necromutation            Tmut/Necr      43%        N/A       97%         8
 Orb of Destruction       Conj           19%        9d8       100%        7
 Borgnjor's Revivificati  Necr           19%        N/A       100%        8
 Infestation              Necr           19%        N/A       100%        8
 Lehudib's Crystal Spear  Conj/Erth      36%        10d9      100%        8
 Chain Lightning          Conj/Air       38%        3d51      100%        9
 Death's Door             Necr           19%        N/A       100%        9
 Fire Storm               Conj/Fire      28%        8d7       100%        9
 Shatter                  Erth           47%        3d36*     100%        9
 Animate Armour           Summ/Erth      Unusable   N/A       N/A         4

Dungeon Overview and Level Annotations

Branches:
Dungeon (15/15)            Temple (1/1) D:6            Lair (5/5) D:11
  Swamp (4/4) Lair:3       Spider (4/4) Lair:3        Slime (5/5) Lair:4
    Orc (2/2) D:11            Elf (3/3) Orc:2        Vaults (5/5) D:13
  Crypt (3/3) Vaults:2       Tomb (1/3) Crypt:3      Depths (4/4) D:15
   Hell (visited)             Zot (5/5) Depths:4    Volcano (visited)
 WizLab (visited)         Gauntlet (visited)
    Dis: Hell:1         Geh: Hell:1         Coc: Hell:1         Tar: Hell:1

Altars:
Ashenzari
Cheibriados
Dithmenos
Elyvilon
Fedhas
Gozag
Hepliaklqana
Kikubaaqudgha
Makhleb
Nemelex Xobeh
Okawaru
Qazlal
Ru
Sif Muna
Trog
Uskayaw
Vehumet
Wu Jian
Xom
Yredelemnul
Zin
The Shining One
Jiyva

Shops:
D:2 :([[   D:3 *   D:4 (   D:8 !   D:10 :   D:11 :   Orc:2 [:!?===!(!(
Lair:4 :   Vaults:1 ?[   Vaults:5 ?????   Depths:3 =*:!   Depths:4 (

Portals:
Hell: Depths:1 Depths:2 Depths:3 Depths:4
Abyss: Depths:3
Pandemonium: Depths:2 Depths:4
Ziggurat: Depths:3

Annotations:
D:9 exclusion: downstairs
D:10 exclusion: downstairs
Lair:4 exclusion: downstairs
Swamp:3 exclusion: downstairs
Spider:3 exclusion: downstairs
Slime:5 Royal Jelly
Hell Geryon
Zot:2 exclusion: upstairs
Zot:3 exclusion: downstairs
Zot:4 6 transporters


Innate Abilities, Weirdness & Mutations

You have sharp claws.
You have razor-sharp teeth.
You have supernaturally acute eyesight. (SInv)
You cover ground quickly. (Speed+)
Your thick and shaggy fur keeps you warm. (AC +3, rC+)
Your paws help you pounce on unaware monsters.
You are incapable of wielding weapons or throwing items.
You cannot wear armour.
You gain extra lives every three experience levels.
You are completely covered in iridescent scales. (AC +6)
You are clumsy. (Dex -2)
You are strong-willed. (Will+)
Your muscles are very strong. (Str +8, Int/Dex -2)
Your spells are a little harder to cast, but a little more powerful.
You have acidic saliva.
Armour fits poorly on your large pseudopods.
You are covered in slimy tendrils that may disarm your opponents.
You have a small jelly attached to you that senses nearby items.
You expend magic power (3 MP) to strengthen your wands.


Message History

The Tzitzimitl gestures at you. The bolt of negative energy misses you.
You blast the Tzitzimitl!!!
You punch the Tzitzimitl!
The Tzitzimitl is almost dead.
The Tzitzimitl gestures at you. The bolt of negative energy hits you.
You feel drained.
You batter the Tzitzimitl!!
You kill the Tzitzimitl!
You feel your intelligence returning.
Your life force feels restored.
You hear a snapping sound.
You hear a snapping sound.
Jiyva says: Divide and consume!
There is a stone staircase leading up here.
You fly upwards.
There is a stone staircase leading down here.
(D) Dungeon (T) Temple (L) Lair (S) Swamp (N) Spider Nest (M) Slime Pits (O) Orcish Mines (E) Elven Halls (V) Vaults (C) Crypt (W) Tomb (U) Depths (H) Hell (Z) Zot
Where to? (Enter - D:1, ? - help)
What level of the Dungeon? (default 1, ? - help) Magic restored.
Things that are here:
a +0 chain mail; a +0 short sword; an orc skeleton Your transformation is almost over.
There is a stone staircase leading up here.
You fly upwards.
There is a stone staircase leading down here.
Your transformation has ended.
There is a stone staircase leading up here.
You climb upwards.
There is a stone staircase leading down here.
Aiming: Dig
Press: ? - help, Shift-Dir - straight line A rock wall.
This square is covered in magical glow.
You feel a surge of power!
The rock shatters into small pieces.
There is a staircase leading out of the dungeon here.
You can't go down here!
You have escaped!

# ##.....###### ###.^# #. #
##...## #....# #. ######.######
#.#..# #. ............# #.#..# #.
.......####.# #.#..#####.
.##.#### #.# ###### #.#........
....##### #####....####.#........
.##.....####.........#####.##....
................@..........##)###
.##.##.#####.........########.#
.##.##.# ####....#### #.#
.......# #.#.######.# #.#
.......## #..## #.# #.#
...).)..###>## #.# #.#
............# #.# #.#
#)......##### #.# #.### #.##.#..#
#.# #.#..


There were no monsters in sight!

Vanquished Creatures
  3 dread liches (Zot:5)
  2 orbs of fire (Zot:5)
  Mara (Depths:3)
  2 ancient liches (Zot:5)
  Mennas (Depths:3)
  Sojobo (Crypt:3)
  2 Killer Klowns (Zot:5)
  A caustic shrike (Depths:2)
  4 curse toes
  7 golden dragons
  2 bone dragons
  2 electric golems
  A Tzitzimitl (D:4)
  A walking crystal tome (Zot:1)
  An Ice Fiend (Depths:4)
  13 tentacled monstrosities
  15 Orb Guardians (Zot:5)
  2 liches
  3 titans (Vaults:5)
  3 walking earthen tomes
  6 quicksilver dragons
  2 walking divine tomes
  9 death cobs
  3 sphinxes
  8 draconian monks
  17 storm dragons
  4 tengu reavers
  3 fire giants
  8 shadow dragons
  2 narguns (Zot:1)
  3 frost giants
  An iron dragon (Vaults:5)
  A balrug (Depths:2)
  4 vault wardens (Vaults:5)
  5 draconian knights
  A deep elf sorcerer (Vaults:5)
  7 draconian shifters
  3 ghost moths
  3 draconian scorchers
  A ghoul (Crypt:3)
  3 curse skulls
  8 draconian stormcallers
  4 draconian annihilators
  A caustic shrike skeleton (Crypt:3)
  7 very ugly things
  2 ironbound preservers (Vaults:5)
  4 stone giants
  A lorocyproca (D:11)
  3 black draconians
  8 red draconians
  A vampire knight (Crypt:3)
  3 deep elf annihilators
  3 deep elf demonologists
  5 yellow draconians
  9 white draconians
  8 purple draconians
  5 spark wasps
  10 green draconians
  An eidolon (Crypt:1)
  2 mummy priests (Tomb:1)
  3 fire dragons
  3 ettins
  7 yaktaur captains
  A jiangshi (Crypt:1)
  2 deep elf high priests (Vaults:5)
  An ice dragon (shapeshifter) (Vaults:5)
  An ogre mage (Vaults:5)
  A spriggan skeleton (Crypt:3)
  A fenstrider witch skeleton (Crypt:1)
  20 vault guards (Vaults:5)
  A centaur warrior (D:10)
  A jorogumo (Spider:4)
  4 ironbound frosthearts
  6 death scarabs (Tomb:1)
  2 hell hogs
  3 dancing weapons (Zot:1)
  A deep troll earth mage (Vaults:5)
  A tengu warrior (Depths:3)
  A deep troll shaman (Depths:4)
  A vampire mage (Crypt:1)
  4 hell knights (Vaults:5)
  A sun demon (D:5)
  3 soul eaters
  A shadow wraith (Crypt:3)
  12 skeletal warriors
  2 flayed ghosts (Crypt:2)
  5 deep trolls
  2 iron trolls (Depths:4)
  A storm dragon skeleton (Crypt:3)
  An orb spider (Spider:4)
  2 bunyip skeletons (Crypt:3)
  2 deep elf archers (Elf:3)
  2 lindwurms (Vaults:1)
  A steelbarb worm (Spider:3)
  4 phantasmal warriors
  2 bog bodies
  A swamp dragon (Swamp:4)
  A golden dragon skeleton (Crypt:3)
  An anaconda skeleton (Crypt:2)
  An orb spider (shapeshifter) (Depths:4)
  5 ironbound convokers
  5 deep elf zephyrmancers
  4 necromancers (Vaults:5)
  2 orc knights (Vaults:5)
  A wolf spider (Spider:4)
  5 deep elf pyromancers
  An iron dragon zombie (Crypt:1)
  11 ugly things
  A draconian zombie (Crypt:1)
  A salamander (Depths:3)
  20 moths of wrath
  A molten gargoyle (Depths:3)
  2 centaur skeletons (Crypt:3)
  2 vault sentinels (Vaults:5)
  A smoke demon (Depths:3)
  An orange demon (Depths:4)
  A hellion (Depths:4)
  A freezing wraith (Vaults:5)
  11 yaktaurs (Vaults:5)
  3 tengu conjurers
  A meliai (D:12)
  A queen bee (shapeshifter) (Elf:1)
  A yellow draconian skeleton (Crypt:1)
  5 guardian mummies
  A tarantella (Spider:3)
  A tyrant leech (Swamp:3)
  2 harpy skeletons
  3 jumping spiders
  8 flying skulls
  2 culicivoras
  A satyr skeleton (Crypt:3)
  An air elemental (Elf:1)
  An ushabti (Tomb:1)
  A steam dragon (Volcano)
  2 fire elementals
  3 redbacks
  A chaos spawn (Zot:2)
  A vampire mosquito (Swamp:1)
  A warg (Vaults:5)
  2 naga skeletons (Crypt:3)
  3 hell hounds (Depths:1)
  A demonspawn skeleton (Crypt:3)
  A water nymph skeleton (Crypt:2)
  3 orc warriors
  An ogre (Vaults:5)
  The ghost of javelincjr the Magician, an amateur DsHW of Qazlal (D:4)
  A rime drake zombie (Crypt:1)
  A kobold brigand (D:4)
  A necrophage (Crypt:3)
  A gnoll sergeant (D:11)
  A glowing shapeshifter simulacrum (Depths:3)
  2 earth elementals
  A yaktaur skeleton (Crypt:2)
  A raiju zombie (Crypt:3)
  4 nameless horrors
  2 howler monkeys (D:9)
  An orc priest (Vaults:5)
  A basilisk zombie (Crypt:2)
  2 hell rats (Depths:4)
  An iguana (D:4)
  2 orc wizards
  8 mummies
  12 gnolls
  A howler monkey skeleton (Crypt:1)
  An adder (D:6)
  An ufetubus (D:5)
  4 orcs
  4 bats
  3 endoplasms
  21 goblins
  14 hobgoblins
  A jackal (D:2)
  10 kobolds (D:4)
  A quokka (D:5)
  3 ball pythons
  A rat (D:1)
591 creatures vanquished.

Vanquished Creatures (collateral kills)
  2 ancient liches (Zot:5)
  2 dread liches
  An orb of fire (Zot:5)
  A juggernaut (Depths:2)
  Josephina (Depths:3)
  2 Killer Klowns (Zot:5)
  Frederick (Vaults:2)
  the Lernaean hydra (Swamp:4)
  Bai Suzhen (Spider:4)
  Xtahua (Vaults:2)
  A bone dragon (Crypt:3)
  4 golden dragons
  Arachne (Spider:2)
  An electric golem (Zot:5)
  Mlioglotl (Spider:4)
  6 tentacled monstrosities
  Jorgrun (Elf:1)
  Rupert (Lair:5)
  10 Orb Guardians (Zot:5)
  3 liches (Crypt:3)
  2 deep elf blademasters (Elf:3)
  A titan (Vaults:5)
  A walking frostbound tome (Zot:1)
  3 quicksilver dragons
  2 deep elf master archers (Elf:3)
  11 sphinxes
  6 eldritch tentacles
  4 death cobs
  6 ancient champions
  5 storm dragons
  3 tengu reavers
  A thorn hunter (Swamp:4)
  Agnes (Spider:3)
  Kirke (Spider:3)
  A fenstrider witch (Swamp:2)
  3 draconian monks
  Donald (Crypt:2)
  6 fire giants
  A nargun (Zot:1)
  An iron dragon (Depths:2)
  3 deep elf sorcerers (Elf:3)
  Aizul (Spider:3)
  3 draconian scorchers
  2 emperor scorpions (Spider:4)
  5 draconian knights
  An orc warlord (Vaults:4)
  4 ghost moths
  8 vault wardens
  Louise (Spider:4)
  3 deep elf elementalists (Elf:3)
  4 draconian shifters
  A caustic shrike zombie (Crypt:1)
  21 ironbound preservers
  2 spriggan defenders (Depths:2)
  A war gargoyle (Vaults:1)
  3 reapers (Depths:2)
  7 ghouls
  2 draconian annihilators
  3 stone giants
  3 very ugly things
  A juggernaut skeleton (Crypt:3)
  2 caustic shrike skeletons (Crypt:3)
  2 eleionomae
  8 dire elephants (Vaults:2)
  6 green draconians
  2 white draconians
  3 black draconians
  4 ironbound thunderhulks
  A vampire knight (Depths:2)
  A yellow draconian (Zot:5)
  6 deep elf demonologists (Elf:3)
  8 entropy weavers
  A purple draconian (Zot:3)
  A blizzard demon (Zot:1)
  2 deep elf annihilators (Elf:3)
  2 spark wasps (Spider:4)
  2 eidola
  A red draconian (Zot:4)
  The ghost of wingedge the Trooper, a journeyman DgWn (Lair:3)
  2 bunyips
  7 deep elf death magi
  A merfolk javelineer (Depths:1)
  5 ettins
  6 great orbs of eyes
  A shambling mangrove (Swamp:3)
  3 yaktaur captains
  3 fire dragons
  3 deep elf high priests (Elf:3)
  12 hydras
  2 rakshasas (Depths:3)
  An ice dragon (Depths:2)
  9 vault guards
  A peacekeeper (Vaults:1)
  8 boulder beetles
  9 ironbound frosthearts
  A fenstrider witch zombie (Tomb:1)
  A ghost crab (Swamp:2)
  A catoblepas (Lair:5)
  A jorogumo (Spider:2)
  5 death knights
  8 centaur warriors
  Erica (D:8)
  5 alligators
  22 dancing weapons
  A two-headed ogre (D:10)
  A radroach (Spider:2)
  5 tengu warriors
  6 deep troll earth magi
  3 deep troll shamans
  9 death scarabs (Tomb:1)
  16 death yaks
  3 vampire magi
  6 sun demons
  6 spriggan berserkers
  2 hell knights
  2 soul eaters (Depths:2)
  29 skeletal warriors
  6 iron trolls
  13 deep elf knights
  8 pharaoh ants
  4 goliath frogs
  2 shadow wraiths
  2 sun moths
  83 deep trolls
  A glowing orange brain (shapeshifter) (Vaults:1)
  4 flayed ghosts
  A storm dragon skeleton (Crypt:1)
  13 orb spiders
  14 swamp dragons
  2 glowing orange brains
  8 wizards
  3 spriggan druids
  6 steelbarb worms
  6 bog bodies
  A bunyip skeleton (Crypt:1)
  11 deep elf archers
  17 deep elf pyromancers
  9 lindwurms
  13 orc knights
  6 phantasmal warriors
  An iron giant skeleton (Crypt:3)
  6 necromancers
  12 ironbound convokers
  4 harpies (Vaults:1)
  A jorogumo zombie (Crypt:3)
  A golden dragon skeleton (Crypt:3)
  14 deep elf zephyrmancers
  19 wolf spiders
  2 oklob plants
  40 ugly things
  A stone giant zombie (Crypt:1)
  A manticore (D:13)
  2 cyclopes
  5 elephants (Lair:5)
  3 moths of wrath
  8 black mambas
  A rust devil (Depths:4)
  2 titan simulacra
  4 torpor snails
  10 vault sentinels
  A stone giant skeleton (Crypt:3)
  A smoke demon (Depths:2)
  A gargoyle (D:12)
  5 dire elephant skeletons
  10 cane toads
  Psyche (D:12)
  An unseen horror (D:10)
  An iron troll zombie (Crypt:2)
  2 centaur skeletons
  33 yaktaurs
  2 alligator snapping turtle skeletons (Crypt:3)
  An efreet (D:14)
  6 komodo dragons
  A swamp worm zombie (Crypt:3)
  2 naga skeletons
  A kobold demonologist (D:13)
  A rime drake (Lair:4)
  A spark wasp simulacrum (Depths:3)
  5 demonic crawlers
  A yaktaur skeleton (Vaults:1)
  A white draconian skeleton (Crypt:1)
  5 freezing wraiths
  2 tengu conjurers
  A meliai (shapeshifter) (Elf:1)
  A troll (shapeshifter) (D:14)
  A queen bee (shapeshifter) (D:13)
  4 guardian mummies
  4 meliai
  2 human skeletons
  A hydra zombie (Tomb:1)
  6 trolls
  5 tyrant leeches
  A polar bear (Lair:5)
  13 hornets
  19 slime creatures
  A harpy skeleton (Crypt:3)
  29 tarantellas
  11 blink frogs
  7 flying skulls
  21 jumping spiders
  A centaur simulacrum (Crypt:2)
  20 culicivoras
  2 air elementals
  A black mamba zombie (Crypt:2)
  An ice dragon skeleton (Crypt:3)
  An ettin skeleton (Crypt:1)
  5 wraiths
  A black mamba skeleton (Crypt:1)
  A vampire (D:13)
  A basilisk (shapeshifter) (D:10)
  6 spriggans
  6 water elementals
  2 wyverns
  2 shadows
  3 hogs (Spider:3)
  A human (shapeshifter) (D:13)
  A fire elemental (Elf:1)
  42 yaks
  A wind drake zombie (Crypt:2)
  53 redbacks
  4 basilisks
  An elf skeleton (Vaults:1)
  8 steam dragons
  9 vampire mosquitoes
  7 swamp worms
  6 wargs
  A demonspawn zombie (Crypt:3)
  A two-headed ogre zombie (Crypt:2)
  An acid dragon (D:10)
  Duvessa (D:6)
  4 nameless horrors
  11 water moccasins
  3 hell hounds (Volcano)
  2 sky beasts
  A black bear (Lair:5)
  11 swamp drakes
  35 orc warriors
  A swamp dragon zombie (Crypt:3)
  An ice beast (D:7)
  11 centaurs
  8 ogres
  4 boggarts
  18 wolves
  A swamp dragon skeleton (Crypt:1)
  A kobold brigand (D:10)
  A rime drake zombie (Crypt:2)
  2 phantoms
  14 bullfrogs
  A salamander skeleton (Crypt:3)
  2 gnoll sergeants
  A glowing shapeshifter simulacrum (Depths:3)
  10 necrophages
  4 earth elementals
  2 scorpions
  A komodo dragon skeleton (Crypt:3)
  A human simulacrum (Vaults:1)
  4 wights
  8 jellies
  7 killer bees
  An orc simulacrum (Vaults:1)
  An electric eel (D:10)
  4 howler monkeys
  13 orc priests
  2 hounds
  A gnoll bouda (D:7)
  An iguana (D:6)
  17 orc wizards
  A hell rat (D:11)
  11 mummies
  6 gnolls
  A howler monkey skeleton (Crypt:1)
  6 adders
  2 shadow imps
  A swamp drake skeleton (Crypt:1)
  A white imp (D:8)
  A howler monkey simulacrum (D:10)
  3 ufetubi
  A worm zombie (Crypt:2)
  A dart slug (D:2)
  81 orcs
  22 endoplasms
  3 giant cockroaches (D:2)
  10 goblins
  7 hobgoblins
  3 jackals (D:2)
  4 quokkas
  A ball python (D:2)
  5 bats
  4 frilled lizards
  13 kobolds
  6 rats
  2 briar patches (Swamp:4)
  5 bushes
  A snaplasher vine (Lair:5)
1625 creatures vanquished.

Vanquished Creatures (others)
  A golden dragon (Depths:2)
  2 ancient champions
  92 eldritch tentacles
  2 tengu reavers
  A vault warden (Vaults:2)
  3 fire giants
  A deep elf sorcerer (Elf:3)
  An emperor scorpion (Spider:1)
  An iron dragon (Depths:1)
  2 ironbound preservers
  A ghoul (Swamp:2)
  2 eleionomae (Swamp:1)
  A bunyip (Swamp:3)
  A red draconian (Zot:2)
  3 dire elephants (Vaults:2)
  3 vault guards
  A yaktaur captain (Vaults:2)
  4 hydras
  A death knight (D:15)
  A two-headed ogre (D:10)
  A radroach (Spider:3)
  An anaconda (shapeshifter) (Depths:2)
  A jorogumo (Spider:3)
  2 alligators (Swamp:2)
  A death yak (Lair:4)
  A deep troll earth mage (Depths:1)
  3 tengu warriors
  A spriggan berserker (Depths:4)
  A deep elf knight (Elf:3)
  7 deep trolls
  2 orb spiders
  A flayed ghost (Crypt:3)
  A bog body (Lair:3)
  A deep elf archer (Elf:3)
  A wizard (D:15)
  3 deep elf zephyrmancers (Elf:3)
  4 ugly things
  A cyclops (D:14)
  2 wolf spiders
  An elephant (Lair:5)
  A moth of wrath (Zot:2)
  A rust devil (Depths:4)
  A faun (shapeshifter) (Vaults:5)
  A dire elephant zombie (Crypt:1)
  A yaktaur (Vaults:1)
  A freezing wraith (Crypt:1)
  2 tengu conjurers
  A bloated husk (Swamp:2)
  2 tyrant leeches
  Grinder (D:6)
  2 hornets
  5 tarantellas
  A blink frog (Lair:2)
  2 culicivoras
  A human (Spider:3)
  10 yaks
  2 redbacks
  A swamp worm (Swamp:4)
  An acid dragon (D:10)
  4 water moccasins
  A swamp drake (Swamp:2)
  10 orc warriors
  3 wolves
  3 centaurs
  A blink frog skeleton (Crypt:2)
  2 kobold brigands
  A gnoll sergeant (D:8)
  A glowing shapeshifter simulacrum (Depths:3)
  A scorpion (D:5)
  5 wights
  Dowan (D:6)
  3 killer bees
  160 jellies
  An orc priest (D:6)
  An iguana (D:5)
  An orc wizard (D:6)
  2 gnolls (D:8)
  2 endoplasms (D:4)
  2 orcs
  5 goblins (D:4)
  11 hobgoblins (D:4)
  A frilled lizard zombie (Crypt:1)
  4 kobolds
  A bush (Lair:5)
  40 fungi
  46 plants
  103 snaplasher vines
  2 starspawn tentacles (Spider:4)
615 creatures vanquished.

Grand Total: 2831 creatures vanquished

Notes
Turn   | Place    | Note
-------+----------+-------------------------------------------
     0 | D:1      | Chudface the Felid Summoner began the quest for the Orb.
     0 | D:1      | Reached XP level 1. HP: 7/7 MP: 4/4
   195 | D:1      | Reached XP level 2. HP: 11/11 MP: 3/6
   198 | D:1      | Learned a level 2 spell: Call Imp
   735 | D:2      | Found Rekega Lysoe's Book Shop.
   806 | D:2      | Found Ekarr's Armour Boutique.
   826 | D:2      | Reached XP level 3. HP: 14/14 MP: 5/8
   830 | D:2      | Learned a level 3 spell: Call Canine Familiar
  1125 | D:2      | Reached XP level 4. HP: 13/18 MP: 6/9
  1129 | D:2      | Learned a level 3 spell: Summon Guardian Golem
  1164 | D:2      | Found Nixean's Armour Emporium.
  1571 | D:2      | Found Upnica's Antique Weapon Boutique.
  1943 | D:3      | Reached skill level 1 in Hexes
  1948 | D:3      | Reached skill level 5 in Summonings
  2036 | D:3      | Reached skill level 1 in Fighting
  2036 | D:3      | Reached XP level 5. HP: 22/22 MP: 7/11
  2109 | D:3      | Found a white marble altar of Elyvilon.
  2129 | D:3      | Became a worshipper of Elyvilon the Healer
  2463 | D:3      | Found Maovaoso's General Store.
  2472 | D:3      | Bought a scroll of amnesia for 48 gold pieces
  2472 | D:3      | Bought a scroll of teleportation for 36 gold pieces
  2664 | D:4      | Found a runed translucent gate.
  2774 | D:4      | Found a runed translucent gate.
  2774 | D:4      | Found a runed translucent gate.
  2775 | D:4      | Noticed javelincjr's ghost (amateur DsHW)
  2843 | D:4      | Reached * piety under Elyvilon
  2971 | D:5      | Entered Level 5 of the Dungeon
  3000 | D:4      | Found Ane Affate's Weapon Emporium.
  3070 | D:4      | Found a sparkling altar of Nemelex Xobeh.
  3089 | D:4      | Found a glowing golden altar of the Shining One.
  3173 | D:4      | Gained mutation: You are covered in thick fur. (AC +2)
                  | [Felid growth]
  3173 | D:4      | Reached XP level 6. HP: 26/26 MP: 7/12
  3332 | D:5      | Reached ** piety under Elyvilon
  4032 | D:5      | Mangled by an ogre
  4033 | D:5      | Reached XP level 5. HP: -9/23 MP: 4/12
  4043 | D:5      | Killed an ogre
  4044 | D:5      | Reached XP level 6. HP: 27/27 MP: 7/13
  4100 | D:5      | Found a hazy altar of Hepliaklqana.
  4104 | D:6      | Noticed Grinder
  4113 | D:5      | Noticed a sky beast
  4128 | D:5      | Killed a sky beast
  4370 | D:6      | Reached skill level 5 in Dodging
  4370 | D:6      | Reached XP level 7. HP: 31/31 MP: 8/14
  4458 | D:6      | Killed Grinder
  4459 | D:6      | Reached skill level 5 in Hexes
  4589 | D:6      | Reached XP level 8. HP: 36/36 MP: 1/16
  4612 | D:6      | Reached *** piety under Elyvilon
  4643 | D:6      | Found an ornate altar of the Wu Jian Council.
  4859 | D:6      | Reached skill level 5 in Spellcasting
  4901 | D:6      | Learned a level 4 spell: Summon Lightning Spire
  4974 | D:6      | Found a staircase to the Ecumenical Temple.
  4979 | Temple   | Entered the Ecumenical Temple
  4990 | Temple   | Fell from the grace of Elyvilon
  4990 | Temple   | Became a worshipper of Gozag Ym Sagoz the Greedy
  5499 | D:6      | Noticed Duvessa
  5503 | D:6      | Noticed Dowan
  5531 | D:6      | Killed Duvessa
  5532 | D:6      | Reached skill level 1 in Air Magic
  5539 | D:6      | Killed Dowan
  6124 | D:7      | Reached skill level 5 in Fighting
  6124 | D:7      | Reached XP level 9. HP: 40/40 MP: 18/18
  6552 | D:8      | You fall into a shaft and drop 2 floors!
  6552 | D:10     | Entered Level 10 of the Dungeon
  6679 | D:10     | Found a blossoming altar of Fedhas.
  6771 | D:11     | Noticed a death yak
  6794 | D:10     | Noticed an unseen horror
  6825 | D:10     | Noticed a centaur warrior
  6826 | D:10     | Noticed a four-headed hydra
  6827 | D:10     | HP: 2/40 [unseen horror (9)]
  6829 | D:10     | Shot with an arrow by a centaur warrior
  6830 | D:10     | Reached XP level 8. HP: -22/37 MP: 16/18
  6836 | D:10     | Noticed a black mamba
  6871 | D:10     | Noticed a seven-headed hydra
  6890 | D:10     | Noticed a centaur warrior
  6890 | D:10     | Noticed a troll
  6893 | D:10     | Noticed a seven-headed hydra
  6894 | D:10     | Noticed a hornet
  6936 | D:8      | Found Jugoleth's Distillery.
  6940 | D:8      | Bought 2 potions of heal wounds for 130 gold pieces
  6940 | D:8      | Bought a potion of heal wounds for 65 gold pieces
  6940 | D:8      | Bought a potion of invisibility for 104 gold pieces
  6940 | D:8      | Bought a potion of lignification for 39 gold pieces
  6940 | D:8      | Bought a potion of degeneration for 13 gold pieces
  7164 | D:8      | Bought a potion of might for 52 gold pieces
  7164 | D:8      | Bought a potion of attraction for 39 gold pieces
  7164 | D:8      | Identified a scroll of acquirement
  7165 | D:8      | Acquired 635 gold pieces
  7167 | D:8      | Bought a potion of berserk rage for 65 gold pieces
  7192 | D:8      | Noticed Erica
  7214 | D:8      | Killed Erica
  7215 | D:8      | Reached XP level 9. HP: 19/41 MP: 17/19
  7443 | D:8      | Found a shimmering altar of Xom.
  7843 | D:8      | Paralysed by a gnoll for 5 turns
  8790 | D:9      | Found a shimmering blue altar of Sif Muna.
  9059 | D:10     | Learned a level 4 spell: Cause Fear
  9067 | D:10     | Noticed a boulder beetle
  9079 | D:10     | Noticed a two-headed ogre
  9109 | D:10     | Noticed a tengu conjurer
  9156 | D:10     | Killed a four-headed hydra
  9157 | D:10     | Reached XP level 10. HP: 46/46 MP: 5/21
  9178 | D:10     | Reached skill level 5 in Air Magic
  9182 | D:10     | Reached skill level 10 in Dodging
  9188 | D:10     | Noticed a two-headed ogre
  9198 | D:10     | Killed a two-headed ogre
  9263 | D:10     | Bought the Almanac of Generative Shapes for 510 gold pieces
  9269 | D:10     | Learned a level 5 spell: Summon Forest
  9310 | D:10     | Killed a centaur warrior
  9311 | D:10     | Reached skill level 1 in Translocations
  9311 | D:10     | Reached XP level 11. HP: 51/51 MP: 16/24
  9427 | D:10     | Killed a boulder beetle
  9431 | D:10     | Killed a seven-headed hydra
  9496 | D:10     | Killed a two-headed ogre
  9591 | D:10     | Killed a seven-headed hydra
  9592 | D:10     | Reached skill level 10 in Summonings
  9736 | D:10     | Learned a level 6 spell: Summon Cactus Giant
 10189 | D:11     | Found the +8 lance "Wyrmbane" {slay drac, rPois rF+ rC+
                  | AC+3}
 10563 | D:11     | Found a staircase to the Lair.
 10584 | D:11     | Found a staircase to the Orcish Mines.
 10808 | D:11     | Identified the +5 long sword of Vugefe {flame, rF+ Int+2}
 10813 | D:11     | Noticed an oklob plant
 10858 | D:11     | Killed an oklob plant
 10859 | D:11     | Reached skill level 5 in Translocations
 10894 | D:11     | Noticed a death yak
 11055 | D:11     | Noticed a death yak
 11063 | D:11     | Killed a death yak
 11066 | D:11     | Killed a death yak
 11067 | D:11     | Gained mutation: Your thick and shaggy fur keeps you warm.
                  | (AC +3, rC+) [Felid growth]
 11067 | D:11     | Reached XP level 12. HP: 56/56 MP: 7/26
 11067 | D:11     | Killed a death yak
 11174 | Lair:1   | Entered Level 1 of the Lair of Beasts
 11343 | Lair:1   | Noticed a boulder beetle
 11454 | Lair:1   | Killed a boulder beetle
 11909 | Lair:3   | Found a gate leading to a gauntlet.
 11916 | Gauntlet | Entered a Gauntlet
 11916 | Gauntlet | Noticed a tengu warrior
 11916 | Gauntlet | Found a transporter.
 11916 | Gauntlet | Found a transporter.
 11916 | Gauntlet | Found a runed translucent gate.
 11918 | Gauntlet | Found a transporter.
 11919 | Gauntlet | Found a runed translucent gate.
 11919 | Gauntlet | Found a transporter.
 11920 | Gauntlet | Found a runed translucent gate.
 11930 | Gauntlet | Found a transporter.
 11938 | Gauntlet | Noticed a tengu warrior
 11947 | Gauntlet | Found a transporter.
 11961 | Gauntlet | Noticed a death scarab
 11964 | Gauntlet | Found a transporter.
 11964 | Gauntlet | Found a transporter.
 11967 | Gauntlet | Found a transporter.
 11967 | Gauntlet | Found a transporter.
 11982 | Gauntlet | Found a transporter.
 11998 | Gauntlet | Found a transporter.
 12004 | Gauntlet | Found a runed translucent door.
 12005 | Gauntlet | Found a transporter.
 12006 | Gauntlet | Found a runed translucent door.
 12019 | Gauntlet | Found a transporter.
 12183 | Lair:4   | Found a dark tunnel.
 12184 | Lair:4   | Reached skill level 10 in Spellcasting
 12215 | Lair:4   | Noticed a death yak
 12216 | Lair:4   | Reached skill level 10 in Fighting
 12223 | Lair:4   | Killed a death yak
 12227 | Lair:4   | Noticed a death yak
 12232 | Lair:4   | Killed a death yak
 12235 | Lair:4   | Noticed a death yak
 12240 | Lair:4   | Killed a death yak
 12270 | Lair:4   | Found a bloodstained altar of Trog.
 12292 | Volcano  | Entered a volcano
 12335 | Volcano  | HP: 2/58 [sun demon (5)]
 12910 | Volcano  | Reached XP level 13. HP: 62/62 MP: 19/28
 12958 | Volcano  | Noticed a fire dragon
 12979 | Volcano  | Killed a fire dragon
 13294 | Lair:5   | Entered Level 5 of the Lair of Beasts
 13480 | Lair:4   | Found a viscous altar of Jiyva.
 13480 | Lair:4   | Found a staircase to the Slime Pits.
 13628 | Lair:4   | Identified the +5 battleaxe of Summer {elec, Dex+2}
 13786 | Lair:5   | Noticed Rupert
 14016 | Lair:3   | Got the Cyclopedia of Superposition and Pyromania
 14031 | Lair:3   | Learned a level 4 spell: Passage of Golubria
 14078 | Lair:3   | Found a runed translucent door.
 14079 | Lair:3   | Found a shimmering altar of Xom.
 14079 | Lair:3   | Noticed wingedge's ghost (journeyman DgWn)
 15164 | Lair:3   | Found a hole to the Spider Nest.
 15253 | Lair:3   | Found a staircase to the Swamp.
 15660 | Lair:5   | Reached skill level 15 in Dodging
 16081 | Lair:5   | Reached XP level 14. HP: 68/68 MP: 18/29
 16090 | Lair:5   | Killed Rupert
 16887 | Lair:5   | Identified the +1 leather armour of the Blind Marksman
                  | {Harm rF+ Will- Dex+8}
 17038 | Orc:1    | Entered Level 1 of the Orcish Mines
 17369 | Orc:2    | Entered Level 2 of the Orcish Mines
 17439 | Orc:2    | Found a staircase to the Elven Halls.
 17563 | Orc:2    | Found Woigh's Weapon Shop.
 18131 | Orc:2    | Found Ywkiube's Antique Weapon Shoppe.
 18131 | Orc:2    | Found Casao's Distillery.
 18503 | Orc:2    | Found Fokhui's Book Boutique.
 18503 | Orc:2    | Found Viberch's Armour Shoppe.
 18527 | Orc:2    | Bought a book of Spatial Translocations for 338 gold pieces
 18529 | Orc:2    | Bought a scroll of summoning for 152 gold pieces
 18763 | Lair:4   | Bought a book of the Earth for 504 gold pieces
 19328 | D:12     | Noticed Psyche
 19337 | D:12     | Killed Psyche
 19340 | D:12     | Reached skill level 1 in Transmutations
 19348 | D:12     | Reached skill level 1 in Earth Magic
 19700 | D:13     | Identified the amulet "Yvisiteu" {Faith rN+ Dex+2}
 19766 | D:13     | Reached XP level 15. HP: 38/73 MP: 8/31
 19971 | Orc:2    | Bought the amulet "Iviekuta" {RegenMP rElec rF+ MP+9} for
                  | 1118 gold pieces
 20407 | D:13     | Found a gate to the Vaults.
 20563 | D:13     | Identified the +1 scale mail of the Sea {rPois rC- rN+++
                  | Int-5}
 21057 | D:13     | Identified the +1 scale mail of Charity {Drain rCorr Str+4
                  | Dex+6}
 21328 | D:14     | Learned a level 6 spell: Statue Form
 21420 | D:15     | Entered Level 15 of the Dungeon
 21892 | D:14     | Found a glowing golden altar of the Shining One.
 21982 | D:15     | Reached skill level 5 in Transmutations
 22196 | D:15     | Found a shadowy altar of Dithmenos.
 22532 | D:15     | Reached skill level 5 in Earth Magic
 22593 | D:15     | Found a staircase to the Depths.
 23214 | Swamp:1  | Entered Level 1 of the Swamp
 23624 | Swamp:1  | Found a shimmering blue altar of Sif Muna.
 23903 | Swamp:2  | Noticed a fenstrider witch
 23908 | Swamp:2  | Killed a fenstrider witch
 23910 | Swamp:2  | Reached skill level 10 in Transmutations
 24193 | Swamp:2  | Reached XP level 16. HP: 78/78 MP: 30/33
 24762 | Swamp:4  | Entered Level 4 of the Swamp
 24797 | Swamp:4  | Noticed a thorn hunter
 24804 | Swamp:4  | Killed a thorn hunter
 24899 | Swamp:4  | Got The Advanced Guide to the Arcane Arts
 25081 | Swamp:3  | Reached skill level 1 in Evocations
 25428 | Lair:4   | Bought a manual of Translocations for 1120 gold pieces
 25436 | Lair:4   | Learned a level 7 spell: Malign Gateway
 25801 | Swamp:4  | Reached skill level 10 in Translocations
 26030 | Swamp:4  | Noticed the 27-headed Lernaean hydra
 26356 | Swamp:4  | Slain by the 27-headed Lernaean hydra
 26357 | Swamp:4  | Reached XP level 15. HP: -2/74 MP: 24/41
 26374 | Swamp:4  | Killed the 27-headed Lernaean hydra
 26591 | Swamp:4  | Got a decaying rune of Zot
 26859 | Lair:3   | Killed wingedge's ghost
 26902 | Spider:1 | Entered Level 1 of the Spider Nest
 27457 | Spider:1 | Reached skill level 15 in Translocations
 27714 | Spider:1 | Reached XP level 16. HP: 78/78 MP: 33/33
 27979 | Spider:2 | Noticed Arachne
 27997 | Spider:2 | Killed Arachne
 28671 | Spider:2 | You fall into a shaft and drop 1 floor!
 28811 | Spider:3 | Learned a level 2 spell: Blink
 29469 | Spider:3 | Noticed Aizul
 29475 | Spider:3 | Reached skill level 15 in Summonings
 29482 | Spider:3 | Killed Aizul
 29601 | Spider:3 | Found a hide-covered altar of Uskayaw.
 29733 | Spider:4 | Entered Level 4 of the Spider Nest
 29881 | Spider:3 | Noticed Agnes
 29907 | Spider:3 | Killed Agnes
 30230 | Spider:3 | Noticed Kirke
 30237 | Spider:3 | Noticed a sphinx
 30257 | Spider:3 | Killed Kirke
 30540 | Spider:4 | Noticed Bai Suzhen
 30548 | Spider:4 | Killed Bai Suzhen
 30659 | Spider:4 | Noticed Louise
 30660 | Spider:4 | Killed Louise
 30714 | Spider:4 | Reached XP level 17. HP: 63/83 MP: 22/35
 30919 | Spider:4 | Noticed Mlioglotl
 30927 | Spider:4 | Killed Mlioglotl
 31152 | Spider:4 | Got Sif Muna's Vellum of the Lethal Spider
 31712 | Spider:4 | Got a gossamer rune of Zot
 31991 | Spider:4 | Learned a level 8 spell: Summon Horrible Things
 32268 | Vaults:1 | Entered Level 1 of the Vaults
 32497 | Vaults:1 | Found Ifokkas's Armour Shop.
 32723 | Vaults:1 | Bought a scroll of blinking for 157 gold pieces
 33030 | Vaults:2 | Noticed Frederick
 33039 | Vaults:2 | Killed Frederick
 33167 | Vaults:2 | Noticed Xtahua
 33190 | Vaults:2 | Killed Xtahua
 33197 | Vaults:2 | Reached XP level 18. HP: 88/88 MP: 32/37
 33692 | Vaults:2 | Found a portal to a secret trove of treasure.
 33762 | Vaults:2 | Reached skill level 15 in Fighting
 33934 | Vaults:2 | Reached skill level 1 in Unarmed Combat
 34038 | Vaults:2 | Found a staircase to the Crypt.
 34834 | Vaults:2 | Reached skill level 5 in Unarmed Combat
 35280 | Vaults:3 | Reached XP level 19. HP: 93/93 MP: 26/38
 35704 | Vaults:4 | Found a magical portal.
 35723 | WizLab   | Entered Tukima's Studio
 36079 | Vaults:4 | Got the Catalogue of Toxic Snow
 36323 | Vaults:4 | Reached skill level 5 in Stealth
 37378 | Vaults:3 | Reached skill level 5 in Evocations
 38090 | Elf:1    | Entered Level 1 of the Elven Halls
 38215 | Elf:1    | Noticed Jorgrun
 38224 | Elf:1    | Killed Jorgrun
 39081 | Elf:1    | Paralysed by an air elemental for 1 turns
 39105 | Elf:1    | Reached XP level 20. HP: 97/97 MP: 39/39
 39151 | Elf:1    | Identified the +9 mace "Beetle's Foe" {elec, rElec rN+
                  | Str+2}
 39247 | Elf:3    | Entered Level 3 of the Elven Halls
 39260 | Elf:2    | Reached skill level 10 in Stealth
 39799 | Elf:2    | Reached skill level 15 in Spellcasting
 39888 | Elf:2    | Found a huge runed translucent gate.
 39890 | Elf:2    | Found a huge runed translucent gate.
 39891 | Elf:2    | Found a huge runed translucent gate.
 39892 | Elf:2    | Found a huge runed translucent gate.
 39893 | Elf:2    | Found a huge runed translucent gate.
 40087 | Elf:3    | Found a shimmering blue altar of Sif Muna.
 40427 | Elf:3    | Learned a level 5 spell: Manifold Assault
 40572 | Elf:3    | Identified the ring of Onyeropt {Str+4 Int+4 SInv}
 40736 | Elf:3    | Reached skill level 10 in Unarmed Combat
 41063 | Elf:3    | Identified the +4 short sword of Past Mistakes {venom, Fly
                  | Dex+2}
 41247 | Elf:3    | Found the +3 Elemental Staff {rElec rF++ rC++ AC+5}
 41264 | Elf:3    | Got the Precepts of Collective Interference
 41278 | Elf:3    | Got Patec's Encyclopedia of Combustion
 41495 | Orc:2    | Bought a potion of heal wounds for 65 gold pieces
 41729 | Vaults:2 | You paid a toll of 10 potions of heal wounds to enter a
                  | treasure trove
 41730 | Trove    | Entered a treasure trove
 41741 | Trove    | Identified the ring "Wuodef" {*Slow rPois rF++ rC+}
 41743 | Trove    | Identified the amulet of the Shimmering Genius {Reflect
                  | SH+5 SInv}
 41746 | Trove    | Identified the ring of Kicapt {rC+ Str+3}
 41751 | Trove    | Identified the ring "Alia" {rElec rPois Str-5 Slay+2 SInv}
 41753 | Trove    | Identified the amulet "Kuoterif" {Spirit rF+ Dex+2}
 41757 | Trove    | Identified the amulet of Bodily Harmony {Reflect Dex+2
                  | Slay+3 SH+5}
 41759 | Trove    | Identified the amulet of Kiropun {Reflect Will+ SH+5
                  | Stlth+}
 41761 | Trove    | Identified the ring of Ziapsoca {rC++ Will+ MP+9 Int+4}
 41763 | Trove    | Identified the amulet of Departure {Spirit rPois rCorr}
 42007 | Orc:2    | Bought a potion of heal wounds for 85 gold pieces
 42007 | Orc:2    | Bought a potion of haste for 170 gold pieces
 42038 | Orc:2    | Bought a potion of cancellation for 104 gold pieces
 42043 | Orc:2    | Bought 2 potions of curing for 78 gold pieces
 42043 | Orc:2    | Bought a potion of mutation for 104 gold pieces
 42043 | Orc:2    | Bought a potion of mutation for 104 gold pieces
 42043 | Orc:2    | Bought a potion of curing for 39 gold pieces
 42043 | Orc:2    | Bought a potion of ambrosia for 104 gold pieces
 42209 | Lair:4   | Fell from the grace of Gozag
 42209 | Lair:4   | Became a worshipper of Jiyva Jove the Shapeless
 42212 | Slime:1  | Entered Level 1 of the Pits of Slime
 42249 | Slime:5  | Entered Level 5 of the Pits of Slime
 42277 | Slime:5  | Found a viscous altar of Jiyva.
 42338 | Slime:5  | Noticed the Royal Jelly
 42626 | Crypt:1  | Entered Level 1 of the Crypt
 43319 | Crypt:1  | Reached * piety under Jiyva
 43404 | Crypt:1  | Reached XP level 21. HP: 100/100 MP: 41/41
 43615 | Crypt:3  | Entered Level 3 of the Crypt
 43718 | Crypt:2  | Noticed Donald
 44032 | Crypt:2  | Reached ** piety under Jiyva
 44133 | Crypt:2  | Killed Donald
 44624 | Crypt:3  | Found a basalt altar of Yredelemnul.
 44797 | Crypt:3  | Noticed a dread lich
 44804 | Crypt:3  | Killed a dread lich
 45215 | Crypt:3  | Identified the ring "Ufovel" {rElec rN+ MP-9 Str-2 SInv}
 45215 | Crypt:3  | Identified the ring of Vauvoocw {rN+ Str+2}
 45215 | Crypt:3  | Identified the ring of Cica {rElec rN+ Str+3 Dex+3 Stlth+}
 45224 | Crypt:3  | Identified the +6 sling of Mebrang {flame, Dex+4}
 45363 | Crypt:3  | Reached *** piety under Jiyva
 45378 | Crypt:3  | Found a staircase to the Tomb.
 45400 | Tomb:1   | Entered Level 1 of the Tomb of the Ancients
 45563 | Crypt:3  | Noticed Sojobo
 45573 | Crypt:3  | Paralysed by an air elemental for 1 turns
 45574 | Crypt:3  | Killed Sojobo
 45847 | Tomb:1   | Reached XP level 22. HP: 108/108 MP: 42/42
 45902 | Tomb:1   | Reached skill level 15 in Unarmed Combat
 45912 | Tomb:1   | Gained mutation: You have a small jelly attached to you
                  | that senses nearby items. [Jiyva's grace]
 45912 | Tomb:1   | Gained mutation: Your spells are a little harder to cast,
                  | but a little more powerful. [Jiyva's grace]
 45912 | Tomb:1   | Gained mutation: Your spells are harder to cast, but more
                  | powerful. [Jiyva's grace]
 45912 | Tomb:1   | Gained mutation: Your spells are much harder to cast, but
                  | much more powerful. [Jiyva's grace]
 46267 | Depths:1 | Entered Level 1 of the Depths
 46398 | Depths:1 | Reached **** piety under Jiyva
 46680 | Depths:1 | Found a bloodstained altar of Trog.
 46947 | Depths:1 | Found a gateway to Hell.
 46984 | Depths:1 | Reached skill level 10 in Earth Magic
 47034 | Depths:2 | Found a one-way gate leading to the halls of Pandemonium.
 47426 | Depths:3 | Found a one-way gate to the infinite horrors of the Abyss.
 47586 | Depths:3 | Identified the ring of Qaletaed {Ice Str+8 SInv Stlth-}
 47586 | Depths:3 | Noticed Josephina
 47595 | Depths:3 | Killed Josephina
 47669 | Depths:2 | Found a bloodstained altar of Trog.
 47774 | Depths:2 | Noticed a juggernaut
 47786 | Depths:2 | Noticed a golden dragon
 47787 | Depths:2 | Was forgiven by Gozag
 47793 | Depths:2 | Identified the +7 demon whip of Foolhardiness {flame, rElec
                  | rCorr}
 47983 | Depths:2 | Noticed a caustic shrike
 48118 | Depths:2 | Killed a juggernaut
 48135 | Depths:2 | Noticed a golden dragon
 48143 | Depths:2 | Killed a golden dragon
 48222 | Depths:2 | Acquired 1131 gold pieces
 48556 | Depths:2 | Killed a golden dragon
 48621 | Depths:2 | Identified the +6 morningstar of Painful Death {freeze,
                  | rElec Str+5 Stlth-}
 48780 | Depths:3 | Found Durume's General Store.
 48793 | Depths:3 | Bought a book of the Sky for 572 gold pieces
 48843 | Depths:3 | Found Huemivuj's Jewellery Shop.
 48851 | Depths:3 | Bought the ring of Xom's Fair Game {Fire Str+2 Int+8 Dex-2
                  | Slay+4} for 984 gold pieces
 48877 | Depths:3 | Reached ***** piety under Jiyva
 48936 | Depths:3 | Noticed Mennas
 49003 | Depths:4 | Entered Level 4 of the Depths
 49026 | Depths:4 | Gained mutation: You are somewhat resistant to further
                  | mutation. [Jiyva's grace]
 49026 | Depths:4 | Gained mutation: You are somewhat resistant to both further
                  | mutation and mutation removal. [Jiyva's grace]
 49026 | Depths:4 | Gained mutation: You are almost entirely resistant to
                  | further mutation and mutation removal. [Jiyva's grace]
 49026 | Depths:4 | Gained mutation: You have a small jelly attached to you
                  | that may absorb projectiles. [Jiyva's grace]
 49133 | Depths:3 | Noticed Mara
 49164 | Depths:3 | Killed Mara
 49292 | Depths:4 | Found Yqunientem's Antique Weapon Shop.
 49375 | Depths:3 | Found a one-way gateway to a ziggurat.
 49742 | Depths:4 | Reached XP level 23. HP: 112/112 MP: 43/43
 49908 | Depths:4 | Reached skill level 15 in Transmutations
 50043 | Depths:4 | Learned a level 7 spell: Storm Form
 50094 | Depths:4 | Found a gate to the Realm of Zot.
 50316 | Hell     | Entered the Vestibule of Hell
 50316 | Hell     | Noticed Geryon
 50397 | Depths:3 | Killed Mennas
 50481 | Depths:3 | Found Zifeuw's Distillery.
 50483 | Depths:3 | Found Jubaniusax's Antique Weapon Emporium.
 50486 | Depths:3 | Found Ylaxot's Book Shop.
 50577 | Depths:2 | Killed a caustic shrike
 51186 | D:4      | Lost mutation: You are almost entirely resistant to further
                  | mutation and mutation removal. [Jiyva's grace]
 51186 | D:4      | Lost mutation: You are somewhat resistant to both further
                  | mutation and mutation removal. [Jiyva's grace]
 51186 | D:4      | Lost mutation: Your spells are much harder to cast, but
                  | much more powerful. [Jiyva's grace]
 51186 | D:4      | Lost mutation: Your spells are harder to cast, but more
                  | powerful. [Jiyva's grace]
 51186 | D:4      | Lost mutation: You have a small jelly attached to you that
                  | may absorb projectiles. [Jiyva's grace]
 51186 | D:4      | Gained mutation: Your muscles are strong. (Str +4, Int/Dex
                  | -1) [Jiyva's grace]
 51186 | D:4      | Gained mutation: Your muscles are very strong. (Str +8,
                  | Int/Dex -2) [Jiyva's grace]
 51186 | D:4      | Gained mutation: You are strong-willed. (Will+) [Jiyva's
                  | grace]
 51186 | D:4      | Gained mutation: You are highly strong-willed. (Will++)
                  | [Jiyva's grace]
 51483 | D:4      | Killed javelincjr's ghost
 52099 | Vaults:5 | Entered Level 5 of the Vaults
 52109 | Vaults:5 | Reached skill level 10 in Air Magic
 52176 | Vaults:5 | Got the Writings on Permutations and Attacks
 52326 | Vaults:5 | Got a silver rune of Zot
 52411 | Vaults:5 | Identified the +8 long sword of Chagrin {vorpal, rC+ Will++
                  | Str-4 Dex+3 SInv}
 52449 | Vaults:5 | Reached ****** piety under Jiyva
 52521 | Vaults:5 | Found Dom Gusa's Magic Scroll Shoppe.
 52571 | Vaults:5 | Found Titrunaz's Magic Scroll Shop.
 52633 | Vaults:5 | Found Fezayh's Magic Scroll Shop.
 52667 | Vaults:5 | Found Jabrist's Magic Scroll Shoppe.
 52668 | Vaults:5 | Found Mueh Rida's Magic Scroll Boutique.
 52760 | Vaults:5 | Identified the amulet of Jigaq {Faith Fly Str-5 Int+4}
 52770 | Vaults:5 | Reached XP level 24. HP: 118/118 MP: 43/44
 52902 | Vaults:5 | Identified the +0 leather armour of the Wary Underlurkers
                  | {rPois rF++ Will+ Dex+3}
 53740 | Slime:5  | Identified the amulet "Migoje" {Reflect -Cast rF+ rC+ SH+5}
 53751 | Slime:5  | Got a slimy rune of Zot
 54102 | Depths:3 | Bought a manual of Unarmed Combat for 1360 gold pieces
 54108 | Depths:3 | Bought a potion of resistance for 240 gold pieces
 54199 | Zot:1    | Entered Level 1 of the Realm of Zot
 54679 | Zot:1    | Identified the +10 double sword of the Lachrymose God
                  | {pain, Str+5}
 54776 | Zot:1    | Gained mutation: You are covered in slimy tendrils that may
                  | disarm your opponents. [Jiyva's grace]
 54776 | Zot:1    | Gained mutation: You are partially covered in iridescent
                  | scales. (AC +2) [Jiyva's grace]
 54776 | Zot:1    | Gained mutation: You are mostly covered in iridescent
                  | scales. (AC +4) [Jiyva's grace]
 54776 | Zot:1    | Gained mutation: You are completely covered in iridescent
                  | scales. (AC +6) [Jiyva's grace]
 54874 | Zot:1    | You fall into a shaft and drop 1 floor!
 56484 | Zot:4    | Reached XP level 25. HP: 126/126 MP: 44/44
 56632 | Zot:4    | Found a transporter.
 56633 | Zot:4    | Found a transporter.
 56718 | Zot:4    | Found a transporter.
 56732 | Zot:4    | Found a transporter.
 57033 | Zot:4    | Learned a level 2 spell: Wereblood
 57132 | Zot:4    | Lost mutation: You are highly strong-willed. (Will++)
                  | [Jiyva's grace]
 57132 | Zot:4    | Lost mutation: You are somewhat resistant to further
                  | mutation. [Jiyva's grace]
 57132 | Zot:4    | Gained mutation: You have acidic saliva. [Jiyva's grace]
 57132 | Zot:4    | Gained mutation: You expend magic power (3 MP) to
                  | strengthen your wands. [Jiyva's grace]
 57132 | Zot:4    | Gained mutation: Armour fits poorly on your pseudopods.
                  | [Jiyva's grace]
 57132 | Zot:4    | Gained mutation: Armour fits poorly on your large
                  | pseudopods. [Jiyva's grace]
 57240 | Zot:5    | Entered Level 5 of the Realm of Zot
 57302 | Zot:4    | Found a transporter.
 57330 | Zot:4    | Found a transporter.
 57896 | Zot:5    | Noticed an orb of fire
 57906 | Zot:5    | Killed an orb of fire
 57955 | Zot:5    | Noticed an ancient lich
 57972 | Zot:5    | Killed an ancient lich
 58406 | Orc:2    | Bought Great Wizards, Vol. VII for 390 gold pieces
 58786 | Zot:5    | Noticed a Killer Klown
 58787 | Zot:5    | Noticed an ancient lich
 58797 | Zot:5    | Killed an ancient lich
 58797 | Zot:5    | Killed a Killer Klown
 58809 | Zot:5    | Noticed an ancient lich
 58821 | Zot:5    | Killed an ancient lich
 58823 | Zot:5    | Noticed an orb of fire
 58840 | Zot:5    | Killed an orb of fire
 58855 | Zot:5    | Learned a level 5 spell: Yara's Violent Unravelling
 58905 | Zot:5    | Noticed a dread lich
 58907 | Zot:5    | Noticed a Killer Klown
 58910 | Zot:5    | Killed a dread lich
 58912 | Zot:5    | Killed a Killer Klown
 58924 | Zot:5    | Identified the ring "Petocw" {rElec rF+ rC++ EV+4 SInv}
 59061 | Zot:5    | Noticed a dread lich
 59061 | Zot:5    | Noticed a Killer Klown
 59068 | Zot:5    | Killed a Killer Klown
 59091 | Zot:5    | Killed a dread lich
 59151 | Zot:5    | Noticed a Killer Klown
 59154 | Zot:5    | Noticed an orb of fire
 59171 | Zot:5    | Killed a Killer Klown
 59199 | Zot:5    | Gained mutation: You are clumsy. (Dex -2) [an orb of fire]
 59207 | Zot:5    | Killed an orb of fire
 59217 | Zot:5    | Noticed a dread lich
 59224 | Zot:5    | Killed a dread lich
 59224 | Zot:5    | Noticed a dread lich
 59231 | Zot:5    | Killed a dread lich
 59232 | Zot:5    | Reached XP level 26. HP: 133/133 MP: 26/44
 59259 | Zot:5    | Noticed an ancient lich
 59269 | Zot:5    | Killed an ancient lich
 59728 | Zot:5    | Reached skill level 10 in Evocations
 59840 | Zot:5    | Got the Orb of Zot
 60368 | D:$      | Escaped with the Orb!

Illustrated notes

Levels and vault maps discovered:
D:1:      dpeg_arrival_rhombus, layout_loops_ring
D:2:      minmay_skewed_foursquare, layout_loops_cross, serial_shops,
          shop_statue, shop_statue, shop, nicolae_shop_advertising_works
          [nicolae_subvault_shop_adworks], columned_hall_lemuel
D:3:      layout_loops_ring, mainiacjoe_overflow_tiny_flanked, serial_shops,
          nicolae_lakefront_shop
D:4:      minmay_goblin_kobold_castle, layout_loops_cross,
          mainiacjoe_overflow_big_doors, gammafunk_ghost_nasty_kobolds,
          serial_shops, nicolae_shop_bloodbath_and_beyond, sigmund_army
D:5:      layout_basic, nicolae_hepliaklqana_hazy_memory
D:6:      layout_basic, mainiacjoe_overflow_boulevard,
          minmay_temple_entry_glassed_door, uniq_duvessa, uniq_grinder
D:7:      layout_cave_pools
D:8:      layout_rooms, xom_confusion_cloud, serial_shops,
          nicolae_shop_temple_entry_statues_fountains, uniq_erica
D:9:      nicolae_cairo_tiling, layout_gridville,
          nicolae_overflow_hidden_temple, hangedman_decor_growths, minivault_1
D:10:     minmay_the_grid_3x2 [minmay_the_grid_minigrid_large,
          minmay_the_grid_spin_star, minmay_the_grid_large_cup,
          minmay_the_grid_medium_cups, minmay_the_grid_diamond_grid,
          minmay_the_grid_prize_big_room], layout_cave_pools, fedhas_altar_1,
          amcnicky_mini_pool_medium
D:11:     lemuel_slime, layout_basic, dpeg_lair_monsters,
          minmay_orc_entry_temple_small
D:12:     layout_cave_pools, grunt_decor_clamped, eino_jars, uniq_psyche
D:13:     minmay_curly_fans, layout_basic, david_vaults_5
D:14:     layout_cave_pods, st_stairs_6, tso_oasis_becter
D:15:     hangedman_depths_entry_civil_slaughter, layout_gridville,
          nicolae_concentric_dashed_squares_wild,
          nicolae_dithmenos_through_a_glass_darkly
Temple:   nicolae_temple_bog_church
Lair:1:   layout_cave_pods, grunt_megastairs_2
Lair:2:   layout_loops_ring, infiniplex_staircase_pool_2, serial_bayou_shore_b,
          lemuel_fruit_tree
Lair:3:   layout_gridlike, skrybe_swamp_entry_bodies,
          nicolae_spider_entry_orb_guardian, gauntlet_entry_generic,
          ebering_ghost_xom, grunt_forest_large_clearing_hut
Lair:4:   layout_small_grid, dpeg_slime_entry_corner,
          nicolae_volcano_entry_two_sided, st_stairs_4, lemuel_oklob_altar,
          grunt_megastairs_3
Lair:5:   grunt_lair_end_beastmaster, layout_hall_layers, uniq_rupert
Swamp:1:  layout_basic_swamp, lemuel_altar_in_water, swamp_pool3,
          hangedman_swamp_cone
Swamp:2:  layout_falls_marsh, nicolae_swamp_tree_designs, swamp_pool1,
          nicolae_swamp_dense_foliage
Swamp:3:  layout_falls_marsh, nicolae_swamp_bean_lake, infiniplex_staircase_pool
Swamp:4:  swamp_old_school, layout_basic_swamp
Spider:1: layout_spider_delve
Spider:2: layout_spider_delve, nicolae_spider_nook, uniq_arachne
Spider:3: layout_spider_delve, nicolae_spider_altar_of_dancing,
          hangedman_spider_tarantella_strand, uniq_agnes, uniq_aizul, uniq_kirke
Spider:4: spider_rune_water, special_room, uniq_bai_suzhen, uniq_mlioglotl,
          uniq_louise
Slime:1:  layout_caves
Slime:2:  layout_caves
Slime:3:  layout_caves
Slime:4:  layout_caves
Slime:5
Orc:1:    layout_caves
Orc:2:    st_orc_town, layout_caves, serial_shops, shop
Elf:1:    layout_geoelf_diagonals, evilmike_minifort, uniq_jorgrun
Elf:2:    elven_hall_of_blades_hangedman_alternative
          [nicolae_blade_entry_hurt_lockers], layout_geoelf_grid
Elf:3:    grunt_elf_hall_spiral, layout_geoelf_octagon, basic_altar
Vaults:1: vaults_dpeg_ring, nicolae_vaults_quartermaster,
          hangedman_vaults_locks, ontoclasm_vaults_twist, v_misc_10,
          dpeg_vaults_monster_box, ontoclasm_vaults_decontamination,
          vaults_room_octagon, nicolae_vaults_rhombus_5, v_rooms_5,
          layout_vaults_omnicross
Vaults:2: grunt_vaults_focal, minmay_crypt_entry_simple_corners,
          vaults_standard_mumra_enter_the_diamond, nicolae_vaults_arrows,
          nicolae_vaults_little_squares_2, nicolae_vaults_network_quinsquares
          [nicolae_vaults_network_quincunx_subvault,
          nicolae_vaults_network_quincunx_subvault,
          nicolae_vaults_network_quincunx_subvault,
          nicolae_vaults_network_quincunx_subvault], nicolae_vaults_little_ls,
          nicolae_vaults_stairing_the_circle, nicolae_vaults_little_squares_4,
          ontoclasm_vaults_ring_square, ontoclasm_vaults_loading_screen,
          vaults_dpeg_encased_lava, grunt_vaults_trifunnel,
          layout_vaults_omnibox, nicolae_trove_entry_isolated, uniq_frederick,
          uniq_xtahua
Vaults:3: v_misc_11, vaults_room_grid, nicolae_vaults_specimen_jars,
          v_alt_pattern_3, v_alt_pattern_2, layout_vaults_omnigrid
Vaults:4: infiniplex_enter_wizlab_spiral, nicolae_vaults_little_squares_4,
          vaults_room_large_hall, ontoclasm_vaults_chip, vaults_dpeg_spiral,
          v_misc_8, vaults_mumra_lcd, nicolae_vaults_little_squares_4,
          ontoclasm_vaults_gateway, layout_vaults_big_room
Vaults:5
Crypt:1:  layout_gridlike, grunt_crypt_arrival_guarded_gate
Crypt:2:  layout_chaotic_city, uniq_donald
Crypt:3:  church_of_pain_bobbens, layout_chaotic_city,
          nicolae_tomb_entry_unfolded_pyramid_diagonal, uniq_sojobo
Tomb:1
Depths:1: layout_basic, minmay_misc_feat_tiny, grunt_hell_entry_dis_grunt,
          evilmike_spriggan_trog_shrine, grunt_megastairs_1
Depths:2: minmay_broken_ring, layout_gridlike, bloody_trog, pan_entry,
          hellmouth_2
Depths:3: minmay_diamond_stairs, layout_twisted_cross, enter_ziggurat_a,
          hellmouth_1, dk_noncrumbling_2, serial_shops, nicolae_shop_waterfront,
          nicolae_shop_temple_entry_statues_fountains, kennysheep_mini, shop,
          nicolae_lakefront_shop, abyss_entry, uniq_mennas, uniq_mara,
          uniq_josephina
Depths:4: grunt_zot_entry_tricorne, layout_basic, hell_entry,
          rand_demon_pan_entry_5, serial_shops, nicolae_shop_hallway_plus
Hell
Zot:1:    layout_gridlike, nicolae_rock_paper_scissors
Zot:2:    lemuel_draconian_sentries_small, layout_twisted_circle
Zot:3:    kennysheep_blocky_hall, layout_misc_corridors
Zot:4:    layout_onion_interference, serial_nicolae_subway,
          nicolae_sub_station_metal, nicolae_sub_station_stone,
          nicolae_sub_station_crystal
Zot:5:    layout_misc_corridors

Skill      XL: |  1  2  3  4  5  6  7  8  9 10 11 12 13 14 15 16 17 18 19 20 21 22 23 24 25 26 |
---------------+-------------------------------------------------------------------------------+-----
Spellcasting   | 3 4 5 7 8 9 10 11 12 13 14 15 16 | 16.5
Hexes          | 1 4 3 5 8 |  8.0
Summonings     | 5 6 7 8 9 10 11 12 13 16 17 18 20 21 | 21.0
Dodging        | 3 5 6 7 9 10 12 13 15 16 17 18 19 20 22 | 22.0
Fighting       | 1 3 6 7 8 10 11 12 13 14 15 16 17 20 21 | 21.5
Air Magic      | 3 4 5 6 12 | 12.0
Translocations | 1 5 7 15 13 18 | 18.0
Transmutations | 2 10 12 13 14 15 16 | 16.0
Earth Magic    | 2 5 6 7 8 10 | 10.0
Evocations     | 2 5 10 | 10.0
Unarmed Combat | 5 7 12 14 15 20 22 | 22.0
Stealth        | 9 10 | 10.0

Action                   |  1- 3 |  4- 6 |  7- 9 | 10-12 | 13-15 | 16-18 | 19-21 | 22-24 | 25-27 || total
-------------------------+-------+-------+-------+-------+-------+-------+-------+-------+-------++-------
Melee: Unarmed           |    27 |    47 |    25 |    20 |    47 |   172 |   419 |  1035 |   375 ||  2167
       Bite              |     1 |     1 |     3 |     2 |    11 |    35 |    54 |    37 |       ||   144
       Punch             |       |       |       |     1 |       |     7 |    35 |    63 |    23 ||   129
 Cast: Summon Small Mamm |    24 |    27 |     6 |       |       |       |       |       |       ||    57
       Call Imp          |    12 |    12 |     2 |     1 |     6 |       |       |       |       ||    33
       Call Canine Famil |       |    23 |    49 |    29 |    84 |    50 |       |       |       ||   235
       Summon Guardian G |       |    11 |    45 |    34 |   101 |   107 |   120 |    46 |       ||   464
       Summon Lightning  |       |       |    21 |    32 |    68 |   101 |    84 |    39 |       ||   345
       Cause Fear        |       |       |     1 |       |       |       |       |       |       ||     1
       Summon Forest     |       |       |       |    20 |    72 |    97 |   109 |    73 |    26 ||   397
       Summon Cactus Gia |       |       |       |    32 |   148 |   134 |   158 |   108 |    23 ||   603
       Statue Form       |       |       |       |       |    16 |    90 |   111 |    63 |       ||   280
       Malign Gateway    |       |       |       |       |     4 |    25 |    34 |    19 |    16 ||    98
       Passage of Golubr |       |       |       |       |     1 |     1 |     2 |     3 |     6 ||    13
       Summon Horrible T |       |       |       |       |       |     5 |    18 |    21 |     4 ||    48
       Blink             |       |       |       |       |       |     1 |     7 |    11 |       ||    19
       Manifold Assault  |       |       |       |       |       |       |    66 |   313 |   164 ||   543
       Storm Form        |       |       |       |       |       |       |       |    43 |    36 ||    79
       Wereblood         |       |       |       |       |       |       |       |       |     4 ||     4
       Yara's Violent Un |       |       |       |       |       |       |       |       |     1 ||     1
Invok: Call Merchant     |       |       |       |     2 |     3 |     1 |     4 |       |       ||    10
 Abil: End Transformatio |       |       |       |       |       |     5 |    21 |     9 |       ||    35
Evoke: Wand              |       |       |     1 |     1 |     1 |     1 |       |     2 |     1 ||     7
       Tin of tremorston |       |       |       |       |       |       |     2 |       |       ||     2
       Phantom mirror    |       |       |       |       |       |       |       |     1 |       ||     1
  Use: Scroll            |       |     6 |    11 |     5 |     8 |     6 |     4 |    15 |     6 ||    61
       Potion            |       |       |     4 |     4 |       |     1 |       |     3 |     3 ||    15
 Stab: Sleeping          |     3 |     9 |     1 |       |       |     1 |     4 |     1 |       ||    19
       Distracted        |       |       |       |       |     2 |     4 |    15 |     6 |     3 ||    30
Armor: Skin              |    10 |     1 |     6 |     1 |    53 |   124 |   108 |   126 |    18 ||   447
Dodge: Dodged            |    42 |    62 |    70 |    67 |   315 |   647 |   587 |   745 |   164 ||  2699
